 Dungeon Crawl Stone Soup version 0.21-a0-264-g3e31e41 (webtiles) character file.

32 Gorglomux the Ducker (level 3, 0/28 HPs)
             Began as a Demonspawn Gladiator on Sept 8, 2017.
             Slain by an adder (2 damage)
             ... on level 2 of the Dungeon.
             The game lasted 00:01:10 (785 turns).

Gorglomux the Ducker (Demonspawn Gladiator)          Turns: 785, Time: 00:01:12

Health: 0/28       AC:  5    Str: 15    XL:     3   Next: 8%
Magic:  3/3        EV: 13    Int:  9    God:
Gold:   75         SH:  0    Dex: 16    Spells: 2/2 levels left

rFire    . . .     SeeInvis .   a - +0 war axe
rCold    . . .     Gourm    .   (no shield)
rNeg     . . .     Faith    .   b - +0 leather armour
rPois    .         Spirit   .   c - +0 helmet
rElec    .         Reflect  .   (no cloak)
rCorr    .         Harm     .   (no gloves)
MR       .....                  U - +0 pair of boots
Stlth    ++........             (no amulet)
HPRegen  0.09/turn              (no ring)
MPRegen  0.08/turn              (no ring)

@: lethally poisoned (0 -> -7)
A: thin skeletal structure 1
a: no special abilities


You were on level 2 of the Dungeon.
You were not hungry.

You visited 1 branch of the dungeon, and saw 2 of its levels.

You collected 75 gold pieces.

Inventory:

Hand Weapons
 a - a +0 war axe (weapon)
Missiles
 Z - 3 throwing nets (quivered)
Armour
 b - a +0 leather armour (worn)
 c - a +0 helmet (worn)
 U - a +0 pair of boots (worn)
Scrolls
 S - a scroll of teleportation {unknown}
 V - a scroll of identify {unknown}
 W - a scroll of recharging {unknown}
Potions
 T - a potion of cancellation {unknown}
Comestibles
 f - 2 bread rations
 X - a royal jelly
 Y - a chunk of flesh


   Skills:
 + Level 2.4 Fighting
 + Level 2.8 Axes
 - Level 1.7 Throwing
 + Level 0.8 Armour
 + Level 3.2 Dodging


You had 2 spell levels left.
You didn't know any spells.

Dungeon Overview and Level Annotations

Branches:
Dungeon (2/15)

Altars:


Innate Abilities, Weirdness & Mutations

You have a somewhat thin skeletal structure. (Dex +2, Stealth)


Message History

You are too injured to fight recklessly!!!
You barely butts the adder!
The adder butts lightly wounded!
The adder misses you!
The adder bites you butt does no damage!
You miss the adder!
The butt is lightly wounded!
You feel butt! The adder bites you but does no damage!
The adder barely misses you!
You completely miss the adder!
You butt sick!
The adder bites you! * * * don't die
* * * The adder bites you! * * * don't die
* * * You are more poisoned!
The adder poisons butt!!!
You open the butt like a pillowcase!
The adder is heavily wounded! * * * don't die
* * * You feel sick!
The adder bites you! rip

#.########## #$.$
#.# # #... #.# #
#... #.# # ...
#.# # .s #.# # #s
#.# #
#.##S######.### #
#...†@..).....# #
........(.†.#?#.#
#
####..#####.#.#.#
# #.> #.#.# # #
## #.#.# # #.#.#
# #.#.. # #.### #
.# #


You could see an adder and 2 giant cockroaches.

Vanquished Creatures
  2 dart slugs
  A bat (D:2)
  6 giant cockroaches (D:2)
  4 goblins
  3 hobgoblins
  A ball python (D:1)
  A frilled lizard (D:1)
  4 kobolds (D:1)
  3 rats (D:1)
25 creatures vanquished.

Notes
Turn   | Place    | Note
-------+----------+-------------------------------------------
     0 | D:1      | Gorglomux the Demonspawn Gladiator began the quest for the Orb.
     0 | D:1      | Reached XP level 1. HP: 16/16 MP: 1/1
   300 | D:1      | Gained mutation: You have a somewhat thin skeletal structure. (Dex +2, Stealth) [demonic ancestry]
   300 | D:1      | Reached XP level 2. HP: 16/22 MP: 2/2
   389 | D:1      | Reached skill level 3 in Dodging
   764 | D:2      | Reached XP level 3. HP: 27/28 MP: 3/3
   785 | D:2      | Slain by an adder

Vault maps used:
D:1:      dpeg_arrival_tiny_a, serial_bayou_pond_c, st_stairs_2
D:2:      minmay_roachtagon, lemuel_doored_altar, evilmike_ruin_ashenzari

Skill      XL: |  1  2 |
---------------+-------+-----
Dodging        | 3 |  3.2
Fighting       | |  2.4
Axes           | |  2.8
Throwing       | |  1.7
Armour         | |  0.8

Action                   || total
-------------------------++-------
Melee: War axe           ||    52
 Stab: Sleeping          ||     1
Armor: Leather armour    ||    19
Dodge: Dodged            ||    40

Table legend:
 A = Spawn XP
 B = Non-spawn XP
 C = Spawn XP percentage of total XP
 D = Spawn monster count
 E = Non-spawn monster count
 F = Spawn count percentage of total count
 G = Total turns spent on level
                    A         B        C        D         E        F      G
               +---------+---------+-------+---------+---------+-------+---------
         Total |       0 |      46 |   0.0 |       0 |      25 |   0.0 |   785
               +---------+---------+-------+---------+---------+-------+---------
           D:1 |       0 |      24 |   0.0 |       0 |      15 |   0.0 |   704
           D:2 |       0 |      22 |   0.0 |       0 |      10 |   0.0 |    81
               +---------+---------+-------+---------+---------+-------+---------
